 Dungeon Crawl Stone Soup version 0.29-a0-323-g050149af67 (webtiles) character file.

Game seed: 11489111920160999824

118 spaghetti the Magician (level 4, 0/33 HPs)
             Began as a Demigod Earth Elementalist on Apr 11, 2022.
             Slain by an orc wizard
             ... wielding a +0 dagger
              (3 damage)
             ... on level 3 of the Dungeon.
             The game lasted 00:03:36 (1759 turns).

spaghetti the Magician (Demigod Earth Elementalist) Turns: 1759, Time: 00:03:36

Health: 0/33       AC:  2    Str:  9    XL:     4   Next: 45%
Magic:  3/12       EV: 12    Int: 21    God:
Gold:   67         SH:  0    Dex: 14    Spells: 3/9 levels left

rFire   . . .      SeeInvis .   c - +0 whip (venom) {mace}
rCold   . . .      Faith    .   (no shield)
rNeg    . . .      Spirit   .   b - +0 robe
rPois   .          Reflect  .   (no helmet)
rElec   .          Harm     .   (no cloak)
rCorr   .          Rampage  .   (no gloves)
Will    .....                   (no boots)
Stlth   ++........              (no amulet)
HPRegen 0.11/turn               (no ring)
MPRegen 0.13/turn               (no ring)

@: brilliant, about to teleport
A: high MP 1, forlorn, divine attributes
a: no special abilities


You were on level 3 of the Dungeon.
You visited 1 branch of the dungeon, and saw 3 of its levels.

You collected 67 gold pieces.


Innate Abilities, Weirdness & Mutations

You have an increased reservoir of magic. (+10% MP)
You shall have no god before yourself.
Your divine heritage dramatically boosts your attributes as you level up.


   Skills:
 - Level 1.7 Dodging
 - Level 1.7 Stealth
 + Level 3.4 Spellcasting
 + Level 1.7 Conjurations
 - Level 0.8 Transmutations
 - Level 3.1 Earth Magic


You had 3 spell levels left.
You knew the following spells:

 Your Spells              Type           Power      Damage    Failure   Level
a - Sandblast             Erth           50%        2d12      3%          1
b - Searing Ray           Conj           32%        2d5       10%         2
c - Stone Arrow           Conj/Erth      40%        3d9       14%         3

Your spell library contained the following spells:

 Spells                   Type           Power      Damage    Failure   Level
 Magic Dart               Conj           64%        1d6       6%          1
 Passwall                 Tmut/Erth      15%        N/A       9%          2
 Petrify                  Tmut/Erth      18%        N/A       50%         4
 Fulminant Prism          Conj/Hex       5%         3d7       65%         4

Inventory:

Hand Weapons
 c - a +0 whip of venom (weapon) {mace}
   (You took it off a kobold on level 2 of the Dungeon)
 f - a +0 club {mace}
   (You took it off a goblin on level 2 of the Dungeon)
 g - a +0 mace {mace}
   (You took it off an orc on level 2 of the Dungeon)
 i - a +0 dagger {short}
   (You found it on level 2 of the Dungeon)
 j - a +0 hand axe {axe}
   (You found it on level 2 of the Dungeon)
 k - a +0 hand axe {axe}
   (You found it on level 2 of the Dungeon)
 l - a +0 dagger {short}
   (You took it off a goblin on level 2 of the Dungeon)
 m - a +0 dagger {short}
   (You took it off a kobold on level 2 of the Dungeon)
 n - a +0 whip {mace}
   (You found it on level 2 of the Dungeon)
 o - a +0 hunting sling {sling}
   (You took it off a kobold on level 2 of the Dungeon)
 p - a +0 whip {mace}
   (You took it off a kobold on level 2 of the Dungeon)
 s - a +0 dagger {short}
   (You took it off a kobold on level 2 of the Dungeon)
Missiles
 q - 5 poisoned darts {throwing}
Armour
 b - a +0 robe (worn)
Scrolls
 d - 2 scrolls of identify {unknown}
Potions
 e - a potion of brilliance

Dungeon Overview and Level Annotations

Branches:
Dungeon (3/15)

Annotations:
D:2 1 runed translucent door, Crazy Yiuf

#. ###. #..........#
##. #... #..........#
##.....##
#..........##..
...##### #..........
... #..##.. #........#
#.# #.##.#
##.(......###.# #....#
#.....o{...##.# ##.^.##
#.....o@.).##.# ##..#.#
#>........)##.###..##.#
#.................###.#
#...........#.##### #..
##.......<#.#.# ##.
##.........#.# ..
#####.##.##.# ..
#..##.##.# ...# #..#.#


You could see 2 orcs.


Message History

Aim: an endoplasm (asleep, 100% to hit)
The searing ray hits the endoplasm.
The endoplasm quivers. (Press . to maintain the ray.) 😎 MP[-2]
You lost 2 mp, and now have 5/11 mp.
The searing ray hits the endoplasm!
You kill the endoplasm! 😎 MP[-1]
You lost 1 mp, and now have 4/12 mp.
Casting: Searing Ray (safe; 10% risk of failure)
Confirm with . or Enter, or press ? or * to list all spells.
Restarting spell: Searing Ray (safe; 10% risk of failure)
Press: ? - help, Shift-Dir - straight line, f - orc
Aim: an orc, wielding a +0 mace (76% to hit)
The searing ray hits the orc.
You kill the orc! (Press . to maintain the ray.) 😎 MP[-2]
You lost 2 mp, and now have 2/12 mp.
The orc throws a boomerang.
The boomerang hits you. 😕 HP[-2] MP[-1]
You take 2 damage, and now have 31/33 hp.
You lost 1 mp, and now have 1/12 mp.
Unknown command.
An orc wizard comes into view. It is wielding a +0 dagger.
Found a stone staircase leading down.
The orc wizard shouts!
An orc comes into view. It is wielding a +0 club.
The orc throws a boomerang.
The boomerang hits you. 😕 HP[-4]
You take 4 damage, and now have 27/33 hp.
The orc shouts!
You hear a shout!
An orc comes into view. It is wielding a +0 short sword.
The orc wizard casts a spell at you. You resist with some effort.
You hear a shout!
You completely miss the orc. The orc barely misses you.
The orc wizard mumbles some strange words.
The orc wizard flickers and vanishes!
Deactivating autopickup; reactivate with Ctrl-A.
You hit the orc.
The orc hits you with a +0 hand axe. 😮 HP[-6]
You take 6 damage, and now have 21/33 hp.
You barely miss the orc.
The orc hits you with a +0 hand axe. 😮 HP[-1] MP[+1]
You take 1 damage, and now have 20/33 hp.
You hit the orc.
You kill the orc!
You closely miss the orc.
The orc hits you with a +0 club. 😮 HP[-2]
You take 2 damage, and now have 18/33 hp.
You hit the orc but do no damage. The orc barely misses you. 😮 HP[+1]
You closely miss the orc. The orc hits you with a +0 club.
* * * LOW HITPOINT WARNING * * *
😨 HP[-3]
You take 3 damage, and now have 16/33 hp.
You hit the orc but do no damage. The orc hits you with a +0 club.
* * * LOW HITPOINT WARNING * * *
The orc hits you but does no damage. The orc barely misses you.
Something hits you.
* * * LOW HITPOINT WARNING * * *
😨 HP[-6]
You take 6 damage, and now have 10/33 hp.
It was a potion of cancellation.
You feel magically purged. The orc misses you.
You hear some strange, mumbled words.
Something tries to affect you, but you resist.
The orc closely misses you.
It was a potion of curing.
You feel better. The orc misses you. The orc closely misses you.
Something hits you.
* * * LOW HITPOINT WARNING * * *
😨 HP[+4] MP[+1]
You regained 4 hp, and now have 14/33 hp.
It was a potion of brilliance.
You feel clever all of a sudden. The orc hits you but does no damage.
The orc hits you with a +0 short sword.
* * * LOW HITPOINT WARNING * * *
Something hits you.
* * * LOW HITPOINT WARNING * * *
😨 HP[-4]
You take 4 damage, and now have 10/33 hp.
Unknown command.
Okay, then.
You barely miss the orc. The orc hits you with a +0 club.
* * * LOW HITPOINT WARNING * * *
The orc hits you with a +0 short sword.
* * * LOW HITPOINT WARNING * * *
Something hits you.
* * * LOW HITPOINT WARNING * * *
😱 HP[-5]
You take 5 damage, and now have 5/33 hp.
Unknown command.
Okay, then.
As you read the scroll labelled RUYGIO PUPRYGH, it crumbles to dust.
You feel strangely unstable.
It was a scroll of teleportation.
The orc hits you with a +0 short sword.
* * * LOW HITPOINT WARNING * * *
The orc barely misses you. Something hits you.
You die...

Skill      XL: |  1  2  3 |
---------------+----------+-----
Spellcasting   | 2 3 |  3.4
Earth Magic    | 3 |  3.1
Conjurations   | 1 |  1.7
Dodging        | |  1.7
Stealth        | |  1.7
Transmutations | |  0.8

Action                   |  1- 3 |  4- 6 || total
-------------------------+-------+-------++-------
Melee: Unarmed           |     3 |       ||     3
       Whip              |     2 |     9 ||    11
 Cast: Sandblast         |    47 |       ||    47
       Searing Ray       |     1 |     7 ||     8
  Use: Potion            |     1 |     3 ||     4
       Scroll            |       |     1 ||     1
Armor: Robe              |     8 |     3 ||    11
Dodge: Dodged            |    28 |     9 ||    37

Levels and vault maps discovered:
D:1:      wander_arrival_fairy_ring, layout_basic,
          hellmonk_ecumenical_altar_blasted, minmay_misc_feat_nine_boxes,
          minmay_pentomino_w4
D:2:      layout_rooms, serial_forest, infiniplex_forest_end_2,
          infiniplex_forest_split, infiniplex_forest_straight_4,
          infiniplex_forest_clump_cross, infiniplex_forest_clump_curved,
          infiniplex_forest_corner_1, infiniplex_forest_diagonal,
          infiniplex_forest_zigzag_1, infiniplex_forest_clump_small,
          minmay_cut_off, uniq_crazy_yiuf_cottage
D:3:      layout_rooms, uniq_sigmund

Notes
Turn   | Place    | Note
-------+----------+-------------------------------------------
     0 | D:1      | spaghetti the Demigod Earth Elementalist began the quest
                  | for the Orb.
     0 | D:1      | Reached XP level 1. HP: 14/14 MP: 5/5
     0 | D:1      | magus.rc [v1.9.6]
   118 | D:1      | Reached skill level 2 in Spellcasting
   177 | D:2      | You pick up a book of Conjurations {@e2} and begin
                  | reading...
   177 | D:2      | You add the spells Magic Dart, Searing Ray and Fulminant
                  | Prism to your library.
   201 | D:2      | Reached XP level 2. HP: 8/20 MP: 1/7
   281 | D:2      | Reached skill level 3 in Earth Magic
   536 | D:2      | Reached XP level 3. HP: 26/26 MP: 6/9
   545 | D:2      | Learned a level 2 spell: Searing Ray
   549 | D:2      | Learned a level 3 spell: Stone Arrow
   864 | D:2      | Reached skill level 3 in Spellcasting
  1069 | D:2      | Found a runed translucent door.
  1070 | D:2      | Noticed Crazy Yiuf
  1333 | D:3      | Reached skill level 1 in Conjurations
  1463 | D:3      | Reached XP level 4. HP: 33/33 MP: 7/11
  1758 | D:3      | HP: 8/33 [orc/+0 short sword (1)]
  1759 | D:3      | HP: 3/33 [orc/+0 short sword (2)]
  1759 | D:3      | Slain by an orc wizard

Vanquished Creatures
  A hound (D:3)
  4 adders
  A worm (D:2)
  2 dart slugs (D:3)
  5 orcs
  A ball python (D:1)
  6 endoplasms
  2 goblins (D:2)
  A hobgoblin (D:3)
  6 jackals
  2 quokkas
  A bat (D:3)
  2 frilled lizards (D:1)
  4 kobolds (D:2)
  2 rats
40 creatures vanquished.

Vanquished Creatures (others)
  8 plants (D:2)
8 creatures vanquished.

Grand Total: 48 creatures vanquished

Table legend:
 A = Non-vault XP
 B = Vault XP
 C = Vault XP percentage of total XP
 D = Non-vault monster count
 E = Vault monster count
 F = Vault count percentage of total count
                 A         B        C        D         E       F
            +---------+---------+-------+---------+---------+-------
      Total |     146 |      23 |  13.6 |      34 |       6 |  15.0
            +---------+---------+-------+---------+---------+-------
        D:1 |       7 |       4 |  36.4 |       5 |       2 |  28.6
        D:2 |      59 |      19 |  24.4 |      18 |       4 |  18.2
        D:3 |      80 |       0 |   0.0 |      11 |       0 |   0.0
            +---------+---------+-------+---------+---------+-------

Illustrated notes

Table legend:
 A = Kills in this place as a percentage of kills in entire the game.
 B = Kills by you in this place as a percentage of kills by you in the entire game.
 C = Kills by friends in this place as a percentage of kills by friends in the entire game.
 D = Other kills in this place as a percentage of other kills in the entire game.
 E = Experience gained in this place as a percentage of experience gained in the entire game.
 F = Experience gained in this place divided by the number of levels of this place that you have seen.
                   A       B       C       D       E      F
               +-------+-------+-------+-------+-------+----------------------
         Total | 100.0 | 100.0 |   N/A |   N/A | 100.0 |  56.3
       Dungeon | 100.0 | 100.0 |   N/A |   N/A | 100.0 |  56.3
               +-------+-------+-------+-------+-------+----------------------

Table legend: (Time is in decaauts)
 A = Elapsed time spent in this place.
 B = Non-inter-level travel time spent in this place.
 C = Inter-level travel time spent in this place.
 D = Time resting spent in this place.
 E = Time spent auto-exploring this place.
 F = Levels seen in this place.
 G = Mean time per level.
                   A        B        C        D        E       F      G
               +--------+--------+--------+--------+--------+-----+--------+
         Total |   1760 |   1709 |     51 |    326 |   1113 |   3 |  586.7 |
       Dungeon |   1760 |   1709 |     51 |    326 |   1113 |   3 |  586.7 |
               +--------+--------+--------+--------+--------+-----+--------+

Top non-repeatable levels by time:
     D:2: 1300 daAuts
     D:3: 304 daAuts
     D:1: 155 daAuts
